 Dungeon Crawl Stone Soup version 0.28-a0-863-g8cecda6153 (webtiles) character file.

Game seed: 5027113309571927382

321 blank1 the Ducker (level 6, -1/46 HPs)
             Began as a Djinni Fire Elementalist on Nov 18, 2021.
             Was an Initiate of Makhleb.
             Slain by a gnoll (4 damage)
             ... on level 4 of the Dungeon.
             The game lasted 00:10:23 (3941 turns).

blank1 the Ducker (Djinni Fire Elementalist)        Turns: 3941, Time: 00:10:24

Health: -1/46      AC:  2    Str:  7    XL:     6   Next: 76%
Gold:   81         EV: 14    Int: 16    God:    Makhleb [......] SH:  0 Dex: 16

rFire   + + .      SeeInvis .   p - +4 whip
rCold   x . .      Faith    .   (no shield)
rNeg    . . .      Spirit   .   a - +0 robe
rPois   ∞          Reflect  .   (no helmet)
rElec   .          Harm     .   (no cloak)
rCorr   .          Rampage  .   (no gloves)
Will    .....                   (boots unavailable)
Stlth   ++........              (no amulet)
HPRegen 0.15/turn               (no ring)
MPRegen 0.00/turn               (no ring)

@: flying
A: sickness immunity, fire resistance 2, cold vulnerability 1, float, innate
caster, hp casting, extra vitality 1
a: Renounce Religion


You were on level 4 of the Dungeon.
You worshipped Makhleb.
Makhleb was noncommittal.
You visited 1 branch of the dungeon, and saw 4 of its levels.

You collected 81 gold pieces.

Inventory:

Hand Weapons
 p - a +4 whip (weapon)
Missiles
 m - a throwing net
Armour
 a - a +0 robe (worn)
Jewellery
 j - a ring of wizardry
Wands
 i - a wand of flame (17)
Scrolls
 b - a scroll of magic mapping {unknown}
 c - a scroll of summoning {unknown}
 d - 2 scrolls of acquirement {unknown}
 e - a scroll of enchant armour {unknown}
 h - a scroll of amnesia {unknown}
 k - a scroll of immolation {unknown}
 n - a scroll of silence {unknown}
 o - a scroll of noise {unknown}
Potions
 f - a potion of degeneration {unknown}
 g - a potion of heal wounds {unknown}
 l - 2 potions of resistance {unknown}
 q - a potion of cancellation {unknown}


   Skills:
 + Level 3.4 Fighting
 - Level 1.0 Armour
 + Level 4.4 Dodging
 - Level 2.0 Stealth
 - Level 3.0 Spellcasting
 - Level 2.0 Invocations


You couldn't memorise any spells.
You knew the following spells:

 Your Spells              Type           Power      Damage    Failure   Level
a - Foxfire               Conj/Fire      48%        2x1d6     5%          1
b - Scorch                Fire           24%        2d6       9%          2
c - Conjure Flame         Conj/Fire      12%        6-21      16%         3
d - Inner Flame           Hex/Fire       12%        N/A       16%         3
e - Flame Wave            Conj/Fire      12%        3d4       47%         4
f - Slow                  Hex            48%        N/A       5%          1
g - Blink                 Tloc           24%        N/A       9%          2
Your spell library was empty.

Dungeon Overview and Level Annotations

Branches:
Dungeon (4/15)
 Temple: D:4-7

Altars:
Makhleb
Zin

Shops:
D:1 !   D:3 =


Innate Abilities, Weirdness & Mutations

You are immune to sickness and miasma.
You are immune to poison.
Your flesh is very heat resistant. (rF++)
You are vulnerable to cold. (rC-)
You float through the air rather than walking.
You learn spells naturally, not from books.
Your magical power is your life essence.
You have superior vitality. (+4 HP)


Message History

You kill the gnoll!
Makhleb accepts your kill.
The orc wizard casts a spell.
The orc wizard flickers and vanishes!
Deactivating autopickup; reactivate with Ctrl-A.
The gnoll closely misses you.
A gnoll comes into view. It is wielding a +0 whip.
Casting: Scorch (safe; 9% risk of failure)
Confirm with . or Enter, or press ? or * to list all spells.
Flames lash the gnoll shaman.
The gnoll shaman is moderately wounded.
The gnoll shaman's fire resistance burns away.
The gnoll barely misses you.
Unknown command.
Casting: Scorch (safe; 9% risk of failure)
Confirm with . or Enter, or press ? or * to list all spells.
Flames lash the gnoll.
The gnoll is severely wounded.
The gnoll's fire resistance burns away.
You hear a shout!
The gnoll hits you from afar with a +0 spear.
The gnoll misses you.
Casting: Scorch (safe; 9% risk of failure)
Confirm with . or Enter, or press ? or * to list all spells.
Flames lash the gnoll shaman.
The gnoll shaman is burned terribly!
The gnoll shaman is severely wounded.
The gnoll shaman barely misses you.
The gnoll hits you from afar with a +0 spear.
The gnoll hits you from afar with a +0 halberd!
* * * LOW HITPOINT WARNING * * *
Okay, then.
Okay, then.
The gnoll shaman calls upon its god to heal the gnoll.
The gnoll is healed somewhat.
The gnoll shaman is no longer more vulnerable to fire.
The gnoll is no longer more vulnerable to fire.
The gnoll shaman invokes the aid of its god against you.
You resist with some effort.
The gnoll hits you from afar with a +0 spear.
You die...

..........### #.....)....#
............# ###.....>..#
............#####.........#
............##..)...g.....##
...............8...........#
............#....8.........#
............##[8ggg........#
...........###...8.........#
...........###.8@..........#
.................8........##
.........####..8..........#
.......### #....8........#
...##### #..8..........##
#### ##...8...:.....#
#.8........#### #...#....###
##########


You could see a gnoll shaman and 3 gnolls.

Vanquished Creatures
  A water moccasin skeleton (D:2)
  A hound (D:4)
  A bullfrog zombie (D:3)
  A bullfrog skeleton (D:4)
  2 iguanas (D:4)
  A hound skeleton (D:4)
  2 adders
  5 gnolls (D:4)
  A worm (D:2)
  2 orcs
  3 ball pythons
  3 bats
  6 endoplasms
  4 giant cockroaches
  6 goblins
  2 hobgoblins
  3 jackals (D:3)
  A quokka (D:4)
  2 frilled lizards
  4 kobolds
  6 rats
57 creatures vanquished.

Vanquished Creatures (others)
  133 foxfires
133 creatures vanquished.

Grand Total: 190 creatures vanquished

Notes
Turn   | Place    | Note
-------+----------+-------------------------------------------
     0 | D:1      | blank1 the Djinni Fire Elementalist began the quest for the
                  | Orb.
     0 | D:1      | Reached XP level 1. HP: 15/15 MP: 0/0
    18 | D:1      | Found Ubolob's Distillery.
   221 | D:1      | Found a faded altar of an unknown god.
   363 | D:1      | Reached XP level 2. HP: 22/22 MP: 0/0
  1253 | D:2      | Reached XP level 3. HP: 19/26 MP: 0/0
  1253 | D:2      | Learned a level 1 spell: Slow
  1258 | D:2      | Reached skill level 1 in Fighting
  1258 | D:2      | Reached skill level 3 in Dodging
  1258 | D:2      | Reached XP level 4. HP: 14/32 MP: 0/0
  1718 | D:2      | Found a burning altar of Makhleb.
  1939 | D:2      | Became a worshipper of Makhleb the Destroyer
  2255 | D:3      | Reached skill level 1 in Invocations
  2255 | D:3      | Reached XP level 5. HP: 28/38 MP: 0/0
  2255 | D:3      | Learned a level 2 spell: Blink
  2344 | D:3      | Found a glowing silver altar of Zin.
  2692 | D:3      | Found Odoapu's Jewellery Shoppe.
  2825 | D:4      | Reached skill level 4 in Dodging
  2826 | D:4      | Reached XP level 6. HP: 23/43 MP: 0/0
  3061 | D:4      | Reached skill level 1 in Armour
  3934 | D:4      | HP: 2/46 [gnoll (16)]
  3941 | D:4      | Slain by a gnoll

Illustrated notes

Levels and vault maps discovered:
D:1:      wheals_arrival_shading, layout_loops_corners, basic_ecumenical_altar,
          serial_shops, shop
D:2:      layout_basic, basic_altar
D:3:      layout_rooms, mainiacjoe_overflow_alcove_4, serial_shops,
          nicolae_square_shop
D:4:      layout_cave_pods, minmay_misc_feat_pillars

Skill      XL: |  1  2  3  4  5  6 |
---------------+-------------------+-----
Stealth        | 2 |  2.0
Fighting       | 1 2 3 |  3.4
Dodging        | 3 4 |  4.4
Spellcasting   | 3 |  3.0
Invocations    | 1 2 |  2.0
Armour         | 1 |  1.0

Action                   |  1- 3 |  4- 6 || total
-------------------------+-------+-------++-------
Melee: Whip              |       |     7 ||     7
 Cast: Foxfire           |    37 |    45 ||    82
       Scorch            |       |    43 ||    43
       Conjure Flame     |       |     1 ||     1
       Slow              |       |     1 ||     1
       Blink             |       |     1 ||     1
Armor: Robe              |     4 |     7 ||    11
Dodge: Dodged            |     6 |    39 ||    45

Table legend: (Time is in decaauts)
 A = Elapsed time spent in this place.
 B = Non-inter-level travel time spent in this place.
 C = Inter-level travel time spent in this place.
 D = Time resting spent in this place.
 E = Time spent auto-exploring this place.
 F = Levels seen in this place.
 G = Mean time per level.
                   A        B        C        D        E       F      G
               +--------+--------+--------+--------+--------+-----+--------+
         Total |   3940 |   3850 |     90 |    276 |   3099 |   4 |  985.0 |
       Dungeon |   3940 |   3850 |     90 |    276 |   3099 |   4 |  985.0 |
               +--------+--------+--------+--------+--------+-----+--------+

Top non-repeatable levels by time:
     D:4: 1122 daAuts
     D:2: 1060 daAuts
     D:1: 990 daAuts
     D:3: 767 daAuts
